Construct Section Command Post
Selects Australian Defense Battlegroup
Selects Australian Light Infantry Section
Australian Light Infantry Section
Construct Platoon Command Post
6-pounder Anti-tank Gun Team
Unlock Bishop Self-propelled Artillery
Bishop Self-propelled Artillery
Bishop Self-propelled Artillery
6-pounder Anti-tank Gun Team
Construct Field Infirmary
Selects CMP 15cwt Supply Run
Selects Artillery Trip Wire Flares
Construct Company Command Post
Selects Archer Tank Destroyer
Bishop Self-propelled Artillery
Australian Light Infantry Section
Bishop Self-propelled Artillery
6-pounder Anti-tank Gun Team
Australian Light Infantry Section
Bishop Self-propelled Artillery